[Event "AI Cup Div-2 2023"]
[Site "Online"]
[Date "2023.09.27"]
[Round "3.4"]
[White "Andreikin, Dmitry"]
[Black "Artemiev, Vladislav"]
[Result "1-0"]
[ECO "D35"]
[WhiteElo "2729"]
[BlackElo "2697"]
[Annotator "TA"]
[PlyCount "119"]
[EventDate "2023.09.18"]
[EventType "k.o."]
[EventCountry "NET"]
[SourceTitle "playchess.com"]
[Source "ChessBase"]
[SourceQuality "1"]
[TimeControl "900+3"]

1. d4 Nf6 2. c4 e6 3. Nc3 d5 4. cxd5 exd5 5. Bg5 c6 6. e3 h6 7. Bh4 Be7 8. Bd3 O-O 9. Nge2 {[%emt 0:00:15] D35: Queen's Gambit Declined: Exchange Variation.} Re8 10. h3 $5 {[%emt 0:00:17][%mdl 4] An interesting side line.} a5 {[%emt 0:00:25] [#]} 11. g4 $5 $146 {[%emt 0:00:42][%mdl 8] The position is equal. New and interesting.} ({Predecessor:} 11. Qc2 Na6 12. a3 Nc7 13. g4 Ne6 14. Rd1 b5 15. Kf1 Bd7 16. Kg2 Rc8 17. Bg3 {½-½ Lupulescu,C (2656)-Adams,M (2716) EU-Cup Online Gr-D rapid 2021 (3.1)}) 11... b5 12. Rg1 b4 13. Na4 Ba6 14. g5 (14. Bxa6 $11 Nxa6 15. Rc1) 14... hxg5 ({Don't do} 14... Ne4 15. Bxe4 hxg5 16. Bf5 Bxe2 17. Qxe2 $14 (17. Kxe2 gxh4 18. Kf1 Bf6 $11)) (14... Nh5 $15) 15. Bxg5 $11 Bxd3 16. Qxd3 Ne4 17. Bxe7 Qxe7 18. Ng3 Nd7 19. Qe2 {[%emt 0:01:17] Strongly threatening Nf5.} (19. Nf5 $2 Qf6 20. f3 (20. Rxg7+ $2 {perishes.} Kf8 $19) 20... Qxf5 $19) 19... g6 20. Nxe4 Qxe4 21. O-O-O (21. Qg4 $11) 21... Rac8 {[%emt 0:00:25] aiming for ...c5.} 22. Qg4 {[%emt 0:01:29] [#]} c5 $1 23. Qxe4 Rxe4 24. dxc5 Nxc5 25. Nb6 Rc6 26. Nxd5 Nd3+ {[%emt 0:00:02][%mdl 64] Discovered Attack (Double check), Double Attack} 27. Kb1 $1 Nxf2 28. Rd2 Re5 $1 $36 {[%emt 0:00:08][%mdl 2048] Black has some pressure.} (28... Nxh3 $2 29. Rg3 $18) 29. h4 (29. Nxb4 $11 axb4 30. Rxf2) 29... Ne4 $17 30. Rd4 Nf6 ({Better is} 30... Kh7 $17) 31. Nf4 (31. Rg5 $11 {remains equal.} Ree6 32. Nxf6+ Rxf6 33. Rf4) 31... Kh7 ({But not} 31... Rxe3 $6 32. h5 $11) 32. Re1 Re4 (32... Ng4 $5 33. e4 Nf2 $17) 33. Nh3 {[%emt 0:00:14] Black must now prevent Ng5+.} Kg7 34. Ng5 Rxd4 ({Black should try} 34... Re7 $17) 35. exd4 {[%emt 0:00:01][%mdl 4096] Endgame KRN-KRN} Rd6 36. Re7 Rd7 $1 (36... Rxd4 $2 37. Ne6+ Kh6 38. Nxd4 $18) 37. Rxd7 Nxd7 $11 {[%emt 0:00:00] KN-KN} 38. Kc2 f6 39. Ne6+ Kf7 40. Nd8+ Ke7 41. Nc6+ Kd6 $2 {[%emt 0:00:02] Black cannot hold the game after this.} (41... Kf7 $14) 42. Nxa5 $18 f5 $2 (42... Ke6 {might work better.} 43. Nc6 b3+ 44. Kxb3 g5) 43. Nc4+ Kd5 (43... Ke6 {keeps fighting.} 44. Kd3 Kf6) 44. Kd3 f4 {[%emt 0:00:01] [#]} (44... Ke6 $142 45. a4 bxa3 46. bxa3 Kf6) 45. Ne5 $1 Nf8 (45... Nb6 46. Nxg6) 46. a4 bxa3 47. bxa3 Ne6 48. Nxg6 Nxd4 49. Nxf4+ Ke5 50. Ng6+ Kd5 51. h5 Nf5 52. Nf4+ Ke5 {[%emt 0:00:02] [#]} 53. a4 $1 {[%emt 0:00:12][%cal Ba3a4,Ba4a5,Ba5a6,Ba6a7][%mdl 32] White threatens a5! and mate.} Nd6 {[%emt 0:00:10] [#]} (53... Kd6 54. a5) 54. h6 $1 {[%emt 0:00:05] White mates.} Kf6 55. Kd4 Nf5+ 56. Kc5 Nxh6 57. a5 Nf7 58. a6 Ne5 59. a7 Nd7+ 60. Kb5 {[%emt 0:00:01] Weighted Error Value: White=0.16 (very precise) /Black=0.61} 1-0

[Event "AI Cup Div-2 2023"]
[Site "Online"]
[Date "2023.09.27"]
[Round "3.5"]
[White "Andreikin, Dmitry"]
[Black "Artemiev, Vladislav"]
[Result "1/2-1/2"]
[ECO "D35"]
[WhiteElo "2729"]
[BlackElo "2697"]
[Annotator "TA"]
[PlyCount "290"]
[EventDate "2023.09.18"]
[EventType "k.o."]
[EventCountry "NET"]
[SourceTitle "playchess.com"]
[Source "ChessBase"]
[SourceQuality "1"]
[TimeControl "900+3"]

1. d4 d5 2. c4 e6 3. Nc3 h6 4. Nf3 Nf6 5. cxd5 exd5 6. Bf4 c6 7. e3 Bf5 8. Bd3 Bxd3 9. Qxd3 Nbd7 10. O-O-O Bb4 11. Kb1 Qe7 12. Rhf1 Ne4 13. Ne2 O-O 14. Ne5 Nxe5 15. Bxe5 Bd6 16. Bf4 Rfe8 17. g3 Rad8 18. Rc1 Bb4 19. Rc2 g5 20. Be5 f6 21. f3 Nd2+ 22. Rxd2 Bxd2 23. Bxf6 Qxf6 24. Qxd2 Qe7 25. Qc2 Qh7 26. e4 dxe4 27. f4 gxf4 28. gxf4 Kh8 29. a3 Rf8 30. Qc5 Qf5 31. Qe7 e3+ 32. Ka1 Rde8 33. Qxb7 Qb5 34. Qxb5 cxb5 35. Kb1 Rg8 36. Kc2 (36. Re1 {is a better defense.} Rg2 37. h3) 36... Rg2 $19 37. Kd3 Rxh2 38. Rg1 h5 39. d5 Rg8 (39... h4 $142 40. b3 h3) 40. Re1 (40. Rg5 $142) 40... h4 $19 41. Nd4 Rd8 (41... Rxb2 $2 {too greedy.} 42. Rxe3 b4 43. axb4 $19) 42. Ke4 e2 ({Inferior is} 42... Rxb2 43. Rxe3 Kg8 44. Rh3 $17) 43. Nf3 (43. Rxe2 $2 {loses.} Rxe2+ 44. Nxe2 h3 $19) 43... Rf2 $2 (43... Re8+ $19 {has better winning chances.} 44. Ne5 Kg7) 44. Ke3 $17 Rf1 45. Rxe2 Rxd5 46. Nxh4 Rh5 47. Ng6+ $1 Kg7 48. Ne5 Rh4 49. Nd3 Kf6 50. Rc2 $1 Rh3+ 51. Ke4 Rxd3 52. Kxd3 Rxf4 53. Rc6+ Ke5 54. Rc5+ Kd6 55. Rxb5 Kc6 56. Rh5 Rf3+ 57. Kc4 Rf4+ 58. Kb3 Re4 59. Kc3 Kb6 60. Rg5 Rf4 61. Re5 Rf3+ 62. Kb4 Rf4+ 63. Kb3 Rg4 64. Re3 Kb5 65. Rh3 Kb6 66. Rf3 Kb5 67. Rf6 Rg3+ 68. Ka2 a5 69. Rh6 Rf3 70. Rh7 Rg3 71. Rh8 Rf3 72. Rg8 Ka6 73. Rg6+ Kb5 74. Rg5+ Kb6 75. Rh5 Ka6 76. Rd5 Kb6 77. Rd2 Ka6 78. Rc2 Kb5 79. Rc8 Kb6 80. Rb8+ Ka6 81. Kb1 Ka7 82. Rd8 Ka6 83. Kc2 Rf2+ 84. Kc3 Kb6 85. Rd5 Rg2 86. Rd3 Rg4 87. Re3 Kb5 88. Re5+ Kb6 89. Rh5 Rf4 90. Rh3 Kb5 91. b3 Kb6 92. Rh6+ Kc5 93. a4 Rf3+ 94. Kb2 Rf2+ 95. Ka3 Rf5 $1 96. Ra6 Kd4 97. Rc6 Kd5 98. Rc8 Kd6 99. Kb2 (99. b4 $5 ) 99... Kd7 100. Rc4 Kd6 101. Kc3 Rf3+ 102. Kc2 Rf2+ 103. Kc3 Rf3+ 104. Kb2 Rf2+ 105. Ka3 Rf5 106. Rc1 Kd7 107. Rc2 Kd6 108. Rc8 Kd7 109. Rb8 Kc6 110. Ra8 Kb7 111. Rh8 Kb6 112. Kb2 Kb7 113. Kc3 Kb6 114. Rh6+ Kb7 115. Kc4 Rf4+ 116. Kc5 Rf5+ 117. Kd4 Rf4+ 118. Kd3 Rf3+ 119. Kc2 Rf2+ 120. Kb1 Rf3 121. Ka2 Rf2+ 122. Ka3 Rf3 123. Rg6 Ka7 124. Rc6 Kb7 125. Rc4 Kb6 126. Kb2 Rf1 127. b4 Rf2+ 128. Kc3 axb4+ 129. Rxb4+ Ka5 130. Rh4 Rf3+ 131. Kb2 Rf5 132. Kb3 Rf3+ 133. Kc2 Rf5 134. Rc4 Rd5 135. Kc3 Kb6 136. Kb4 Rd6 137. a5+ Kb7 138. Ka4 Rc6 139. Rb4+ Ka6 140. Rh4 Rd6 141. Rb4 Rc6 142. Rd4 Re6 143. Rb4 Rd6 144. Rc4 Re6 145. Rb4 Rc6 1/2-1/2

[Event "AI Cup Div-2 2023"]
[Site "Online"]
[Date "2023.09.28"]
[Round "4.1"]
[White "Fedoseev, Vladimir"]
[Black "Artemiev, Vladislav"]
[Result "1/2-1/2"]
[ECO "A29"]
[WhiteElo "2683"]
[BlackElo "2697"]
[Annotator "TA"]
[PlyCount "88"]
[EventDate "2023.09.18"]
[EventType "k.o."]
[EventCountry "NET"]
[SourceTitle "playchess.com"]
[Source "ChessBase"]
[SourceQuality "1"]
[TimeControl "900+3"]

1. c4 e5 2. g3 Nf6 3. Bg2 d5 4. cxd5 Nxd5 5. Nf3 Nc6 6. O-O Nf6 7. Nc3 h6 $1 {[%emt 0:00:01][%mdl 4] is more profitable than 7...Be7 at the moment. A29: English Opening: Four Knights Variation with 4 g3.} 8. b4 {[%emt 0:01:01][%cal Bb2b4,Bb4b5][%mdl 32] b5 would be deadly.} Bd6 ({Don't play} 8... Nxb4 9. Nxe5 Qd4 10. Qa4+ c6 11. Nxc6 bxc6 12. a3 $16) (8... e4 $5 9. Ne1 Bxb4 10. Nxe4 Nxe4 11. Bxe4 O-O $11) 9. b5 Nd4 {[%emt 0:00:02] White is slightly better.} 10. a4 O-O {[%emt 0:00:23] [#]} 11. Bb2 $146 ({Predecessor:} 11. d3 a6 12. Bd2 Re8 13. Re1 axb5 14. Nxd4 b4 15. Ndb5 bxc3 16. Bxc3 Bf8 17. a5 {0-1 Nepomniachtchi,I (2771)-Carlsen,M (2839) Speed Chess Chess.com INT blitz 2023 (2.18)}) 11... a6 12. d3 Nxf3+ 13. Bxf3 axb5 14. Nxb5 Re8 15. Qc2 c6 16. Nxd6 Qxd6 17. Bg2 Be6 18. a5 Nd5 19. Rfc1 Ra6 20. d4 exd4 21. Bxd4 {[%emt 0:00:03] A strong pair of Bishops.} Rea8 {[%emt 0:00:02] [#]} 22. Qb2 (22. Bc5 $1 $16 Qd7 23. e4) 22... Qb4 $14 23. Qxb4 Nxb4 24. Rab1 Rxa5 25. Rxb4 c5 26. Bxc5 Rxc5 {[%emt 0:00:02] [#]} 27. Re1 (27. Rxc5 {is a self mate.} Ra1+) 27... g5 28. Rxb7 Ra2 29. Bf1 g4 30. Rb4 Kg7 31. Rf4 h5 32. h3 Rca5 33. Kh2 (33. h4 $14) 33... Ra1 $1 $11 34. Rxa1 Rxa1 {[%emt 0:00:00][%mdl 4096] Endgame KRB-KRB} 35. Bg2 Ra2 36. e4 Ra1 37. f3 gxf3 38. Rxf3 Ra5 39. Rf2 f5 40. exf5 Bxf5 41. Bf3 Bg6 (41... h4 $1 $11 {should be considered.}) 42. Re2 (42. Rd2 $14) 42... Rc5 (42... Ra3 $11 {is superior.} 43. Bd5 Rd3) 43. Kg2 (43. h4 $1 $14) 43... h4 44. gxh4 Rc2 {[%emt 0:00:02] Weighted Error Value: White=0.15 (very precise) /Black=0.11 (very precise)} 1/2-1/2

[Event "AI Cup Div-2 2023"]
[Site "Online"]
[Date "2023.09.28"]
[Round "4.2"]
[White "Artemiev, Vladislav"]
[Black "Fedoseev, Vladimir"]
[Result "1/2-1/2"]
[ECO "A30"]
[WhiteElo "2697"]
[BlackElo "2683"]
[Annotator "TA"]
[PlyCount "103"]
[EventDate "2023.09.18"]
[EventType "k.o."]
[EventCountry "NET"]
[SourceTitle "playchess.com"]
[Source "ChessBase"]
[SourceQuality "1"]
[TimeControl "900+3"]

1. Nf3 Nf6 2. c4 g6 3. b3 Bg7 4. Bb2 c5 5. g3 b6 6. Bg2 Bb7 7. O-O O-O 8. Nc3 {[%emt 0:00:08] 8.d4 is the fancy move.} d5 9. Nxd5 {[%emt 0:00:03] A30: Symmetrical English: Double Fianchetto and Hedgehog.} Nxd5 10. Bxg7 Kxg7 11. cxd5 Bxd5 12. d4 $1 Nd7 13. dxc5 Nxc5 14. Qd4+ Kg8 {[%emt 0:03:28] [#]} 15. Qh4 $146 (15. Rfd1 $5 Bxf3 16. Qc4 $11 (16. exf3 Qxd4 17. Rxd4 Rad8 $11)) ({Predecessor:} 15. Rfd1 Bxf3 16. Qf4 Qe8 17. Qxf3 Rd8 18. h4 Qb5 19. Qe3 Rd7 20. Bh3 e6 21. Rxd7 Qxd7 {1-0 Bryakin,M (2429)-Naumovich,Y (1957) Minsk op 2022 (9)}) 15... Ne4 (15... e6 {seems wilder.} 16. Ng5 h5 17. Rac1 Rc8) 16. Rac1 e6 17. Qf4 Qf6 18. Qxf6 (18. Ne5 $5 Qxf4 19. gxf4 $11) 18... Nxf6 19. Ne5 Rfc8 20. Rfd1 Kf8 21. f3 Bb7 {[%emt 0:00:37] The position is equal.} 22. Rxc8+ Rxc8 23. Nd7+ Ke7 24. Nxf6 Kxf6 $11 {[%emt 0:00:00][%mdl 4096] Endgame KRB-KRB} 25. Rd7 Ba6 26. Bf1 Rc2 27. Kf2 Rxa2 {[%emt 0:00:04] [#] ...Bb5 is the strong threat.} 28. Rxa7 Ra5 29. b4 Ra4 30. f4 Bb5 31. Rb7 Rxb4 32. Rxb6 {[%emt 0:00:01][%cal Oe2e4] aiming for e4!} Rb3 33. e4 Bc4 {[%emt 0:00:14][%mdl 64] [#] Discovered Attack} 34. e5+ Ke7 35. Rxb3 Bxb3 {[%emt 0:00:00] KB-KB} 36. Ke3 h6 37. Bd3 Bd5 38. g4 g5 39. f5 f6 40. exf6+ Kxf6 41. fxe6 Bxe6 42. Kf3 Ke5 43. Kg3 Bd5 44. h4 Be4 45. Be2 Bd5 46. hxg5 hxg5 47. Bd3 Bc6 48. Be2 Be4 49. Bc4 Bc6 50. Be2 Be4 51. Bc4 Bc6 52. Be2 {[%emt 0:00:01] Weighted Error Value: White=0.03 (flawless) /Black=0.03 (flawless)} 1/2-1/2

[Event "AI Cup Div-2 2023"]
[Site "Online"]
[Date "2023.09.28"]
[Round "4.3"]
[White "Fedoseev, Vladimir"]
[Black "Artemiev, Vladislav"]
[Result "1-0"]
[ECO "A29"]
[WhiteElo "2683"]
[BlackElo "2697"]
[Annotator "TA"]
[PlyCount "143"]
[EventDate "2023.09.18"]
[EventType "k.o."]
[EventCountry "NET"]
[SourceTitle "playchess.com"]
[Source "ChessBase"]
[SourceQuality "1"]
[TimeControl "900+3"]

1. c4 Nf6 2. Nc3 e5 3. Nf3 Nc6 4. g3 d5 5. cxd5 Nxd5 6. Bg2 Bc5 {[%emt 0:00:41] A29: English Opening: Four Knights Variation with 4 g3.} 7. O-O O-O 8. Qc2 Nf6 {[%emt 0:00:53] The position is equal.} 9. a3 a5 10. e3 Re8 {[%emt 0:01:22] [#] 10...Bd6 is a critical line.} 11. h3 $146 ({Predecessor:} 11. d3 h6 12. Nd2 Bg4 13. Nde4 Nxe4 14. Bxe4 Be6 15. Bd2 Qd7 16. Na4 Be7 17. Nc5 Bxc5 18. Qxc5 {½-½ Molin,L-Flecher,J (1941) FRA AJEC/5576 email 2015}) 11... h6 12. d3 Bf5 13. Rd1 Bf8 14. Kh2 Nd7 15. e4 Be6 16. Be3 Nc5 $1 {[%emt 0:02:08] Black wants to play ...Bb3.} 17. Nd5 $1 Bxd5 18. exd5 Qxd5 19. Rac1 Ne6 20. Ng5 {[%emt 0:02:02][%mdl 64] Discovered Attack} Qb5 (20... Qd8 {simplifies} 21. Nxe6 Rxe6 22. Rd2 Rb8) 21. a4 $132 {[%emt 0:00:07][%mdl 2048] White puts up resistance} Qb4 22. Nxe6 Rxe6 23. Bd2 Qd4 24. Be3 Qd7 25. Qb3 Bb4 26. Qc4 Rd8 27. Qb5 Qc8 28. Bxc6 bxc6 29. Rxc6 Qd7 30. Rdc1 Rxc6 ({Don't take} 30... Qxd3 31. Rxe6 (31. Rxc7 Ree8 $11) 31... fxe6 32. Qxe5 $16) 31. Rxc6 Qxd3 32. Rxc7 Qd5 {[%emt 0:00:02] [#]} (32... Qe4 $11 33. Rd7 Rxd7 34. Qxd7 f6) 33. Rc8 $3 $16 {[%emt 0:00:10][%mdl 576] Deflection. White is more active.} Kh7 {[%emt 0:00:04] And now ...Qxb5 would win.} 34. Rxd8 Qxd8 35. Qxe5 {[%emt 0:00:01][%mdl 4096] Endgame KQB-KQB} Qd1 $2 {[%emt 0:00:02] [#] This costs Black the game.} (35... Qd3 $16 {was worth a try.} 36. h4 Kg6) 36. Qe4+ $1 $18 ({Weaker is} 36. Bd4 f6 37. Qe4+ Kh8 $16) 36... Kg8 37. Qe8+ {[%emt 0:00:03][%mdl 64] Deflection} Kh7 38. Qxf7 Qd3 39. b3 Bd6 (39... Qe4 {was called for.} 40. Qc4 Qf5) 40. Qc4 Qf5 41. Kg2 Kh8 42. Qd4 Qe6 (42... Bb4 $142 43. Bxh6 Qf7) 43. Qd3 Bb4 44. Qc4 Qd7 45. Bd4 Qb7+ 46. Kh2 {[%emt 0:00:01] Strongly threatening Qe6.} Qf3 $2 (46... Qd7 {is a better chance.} 47. Kg2 Qb7+ 48. Kh2 Kh7) 47. Qc7 Qf8 48. Qb7 (48. Qa7 $142 Kg8 49. h4) 48... Kh7 $2 (48... Bc5) 49. Kg2 Qg8 50. h4 Kh8 51. Qc6 Kh7 52. Qe4+ Kh8 53. Qb7 h5 (53... Qf8 $142 54. Qc7 Kh7) 54. Kh2 Qf8 55. Qd5 Qe8 56. Qg5 Qf7 57. Kg2 Kh7 58. Qe5 Qb7+ 59. Kh2 Qf7 60. Qe3 Qd5 (60... Qf5 $142 61. Qe2 Qd5) 61. Qd3+ {[%emt 0:00:03] White is clearly winning.} g6 62. Qc4 {[%emt 0:00:03] Threatening mate with Qc7+.} Qd7 {[%emt 0:00:02] Repels Qc7} 63. Be5 Qe7 64. Qc7 Qxc7 65. Bxc7 {[%emt 0:00:00] KB-KB} Kg7 66. Kg2 {[%emt 0:00:01] aiming for Kf3.} Kf6 67. Kf3 Kf5 68. Ke2 (68. Bf4 $142 Ke6 69. Ke2) 68... Ke4 69. Bb6 (69. Bf4 $142 Be7 70. Bd2) 69... Bc3 70. Be3 Kd5 71. Bd2 Kd4 72. f3 {[%emt 0:00:03] Excellently played by Fedoseev!   Weighted Error Value: White=0.21 (precise) /Black=0.42} 1-0

[Event "AI Cup Div-2 2023"]
[Site "Online"]
[Date "2023.09.28"]
[Round "4.4"]
[White "Artemiev, Vladislav"]
[Black "Fedoseev, Vladimir"]
[Result "1-0"]
[ECO "D45"]
[WhiteElo "2697"]
[BlackElo "2683"]
[Annotator "TA"]
[PlyCount "51"]
[EventDate "2023.09.18"]
[EventType "k.o."]
[EventCountry "NET"]
[SourceTitle "playchess.com"]
[Source "ChessBase"]
[SourceQuality "1"]
[TimeControl "900+3"]

1. d4 d5 2. c4 c6 3. Nc3 Nf6 4. e3 e6 5. Nf3 Be7 6. Qc2 O-O 7. Bd2 Nbd7 8. Bd3 {[%emt 0:02:22] D45: Semi-Slav: 5 e3.} dxc4 9. Bxc4 c5 10. dxc5 {[%emt 0:00:26] The position is equal.} Bxc5 11. Ng5 b6 {[%emt 0:01:51] [#]} 12. Nce4 $146 ({Predecessor:} 12. Bd3 h6 13. Nh7 Ne5 14. Nxf6+ Qxf6 15. Bh7+ Kh8 16. Ne4 Qe7 17. Nxc5 f5 18. Nd3 Nxd3+ 19. Qxd3 Kxh7 {½-½ Heberla,B (2572)-Sadzikowski,D (2507) POL-ch Warsaw 2020 (3.2)}) 12... Bb7 (12... Nxe4 {simplifies} 13. Nxe4 Bb7 14. Nxc5 Nxc5 15. O-O Be4) 13. Nxf6+ Nxf6 14. Bc3 {[%emt 0:00:01] Bxf6 would be deadly.} g6 $1 15. Rd1 (15. h4 $11 {remains equal.} Bxg2 16. Rg1) 15... Qe7 $1 $17 16. O-O Nd5 (16... Ng4 $1 $17 17. Ne4 (17. Nf3 Qc7 $17) 17... Qh4) 17. Bxd5 $11 Bxd5 18. Ne4 {[%emt 0:00:01] Black must now prevent Nf6+.} f5 19. Nxc5 Qxc5 20. Qa4 $40 {[%emt 0:00:24][%mdl 128] Threatens to win with Qf4. White has some attack.} Qc4 21. Qd7 (21. Rd4 {simplifies} Qxa4 22. Rxa4 Rf7 23. Rd1) 21... Rf7 {[%emt 0:00:03] Against Qg7+} (21... Qxa2 $2 22. Qg7#) 22. Qd6 {[%emt 0:00:00] And now Qe5 would win.} Qc7 23. Qa3 ({Much weaker is} 23. Rxd5 exd5 24. Qxd5 Rd8 $17) 23... Qe7 {[%emt 0:00:40] [#]} (23... a5 $11) 24. Qa4 $1 $16 {[%emt 0:00:12][%cal Od1d5] aiming for Rxd5!} Qg5 $2 {[%emt 0:00:22][%mdl 8192] [#]} (24... Rd8 $16) 25. Rxd5 $1 $18 e5 (25... exd5 $142 26. Qd4 Qf6) 26. Rxe5 {[%emt 0:00:06] Weighted Error Value: White=0.11 (very precise) /Black=0.53} 1-0

[Event "AI Cup Div-2 2023"]
[Site "Online"]
[Date "2023.09.28"]
[Round "4.5"]
[White "Artemiev, Vladislav"]
[Black "Fedoseev, Vladimir"]
[Result "0-1"]
[ECO "D78"]
[WhiteElo "2697"]
[BlackElo "2683"]
[Annotator "TA"]
[PlyCount "86"]
[EventDate "2023.09.18"]
[EventType "k.o."]
[EventCountry "NET"]
[SourceTitle "playchess.com"]
[Source "ChessBase"]
[SourceQuality "1"]
[TimeControl "900+3"]

1. Nf3 Nf6 2. g3 g6 3. Bg2 Bg7 4. d4 d5 5. O-O O-O 6. c4 c6 7. Nbd2 c5 $5 {[%emt 0:00:04][%mdl 4] Leaves trodden paths.} 8. b3 Ne4 9. Bb2 {[%emt 0:00:05] Threatening cxd5.} Nxd2 $1 {[%emt 0:00:04] D78: Fianchetto Grünfeld: 6 0-0 c6.} 10. Qxd2 {[%emt 0:00:06] next cxd5 is good for White.} dxc4 11. bxc4 (11. dxc5 $2 {too greedy.} Qxd2 12. Nxd2 c3 13. Bxc3 Bxc3 $19) 11... cxd4 {[%emt 0:00:04] The position is equal.} 12. Nxd4 Nc6 (12... e5 $5 13. Nb3 Nc6 $11) 13. e3 {[%emt 0:00:53] [#]} (13. Rfd1 $14 Bxd4 14. Bxd4 Nxd4 15. Qxd4 Qxd4 16. Rxd4) 13... Be6 $146 ({Predecessor:} 13... Bg4 14. h3 Bd7 15. Rfd1 Qc8 16. Nxc6 Bxc6 17. Bxg7 Kxg7 18. Qd4+ Kg8 19. Bxc6 Qxc6 {½-½ Eriksson,A (2278)-Hjelm,N (2321) SWE-chT 1415 Elite 2014 (4)}) 14. Qe2 {[%emt 0:01:30] Threatens to win with Nxe6.} Nxd4 15. exd4 Rc8 (15... Bxd4 $2 16. Rad1 $18 (16. Bxb7 Bxb2 17. Rad1 Qb6 $17)) 16. d5 ({Much weaker is} 16. Bxb7 Bxc4 17. Qd2 Bxf1 18. Bxc8 Qd5 $17) 16... Bg4 {[%emt 0:00:23][%mdl 64] Deflection} 17. Qxg4 Bxb2 18. Rab1 Ba3 {[%emt 0:00:27] Black is weak on the light squares} 19. Rxb7 Qa5 20. Qe2 Qa4 {[%emt 0:00:30] [#]} 21. Bh3 (21. Rb3 $1 $16) 21... Rxc4 $11 22. Rxa7 {[%emt 0:02:38][%mdl 64] Deflection} Qxa7 23. Qxc4 Rb8 24. Re1 h5 25. Re2 Bd6 26. Bf1 Rb4 27. Qc8+ Kg7 28. Rd2 Qa3 29. Qc2 (29. Kg2 {looks sharper.} h4 30. Rc2 Be5 31. Qc5) 29... h4 30. Kg2 hxg3 31. hxg3 Be5 32. Qc5 Bd6 33. Qc2 Be5 34. Re2 Bd6 35. Qd1 Kg8 36. Qa1 (36. Rc2 $14) 36... Qa5 (36... Qd3 $5 37. Qc1 Qxd5+ 38. Kg1 Rd4 $15) 37. Rc2 Qxd5+ 38. Kg1 {[%emt 0:00:04] Rc8+ would kill now.} Qb7 {[%emt 0:00:09] Prevents Rc8+.} 39. a4 (39. Qc3 {simplifies} e6 40. Qc6 Qxc6 41. Rxc6 Be7 42. Kg2) 39... Rb1 $36 {[%emt 0:00:10][%mdl 2048] White is under pressure.} 40. Qa2 Be5 41. Qc4 Ra1 42. Re2 $2 {[%emt 0:00:09][%mdl 8192] [#]} (42. Qb5 $11 Qe4 43. Qe8+ Kg7 44. Rc8) 42... Rxf1+ $1 {[%emt 0:00:07][%mdl 576] Deflection, Back Rank} 43. Kxf1 (43. Kh2 Rh1#) 43... Qh1# {[%emt 0:00:03] Weighted Error Value: White=0.29 (precise) /Black=0.07 (flawless)} 0-1

[Event "AI Cup Div-2 2023"]
[Site "Online"]
[Date "2023.09.29"]
[Round "5.1"]
[White "Fedoseev, Vladimir"]
[Black "Artemiev, Vladislav"]
[Result "1/2-1/2"]
[ECO "D13"]
[WhiteElo "2683"]
[BlackElo "2697"]
[Annotator "TA"]
[PlyCount "125"]
[EventDate "2023.09.18"]
[EventType "k.o."]
[EventCountry "NET"]
[SourceTitle "playchess.com"]
[Source "ChessBase"]
[SourceQuality "1"]
[TimeControl "900+3"]

1. c4 c6 2. d4 d5 3. Nc3 Nf6 4. cxd5 cxd5 5. Bf4 Nc6 6. e3 a6 7. Be2 Bf5 8. Nf3 e6 9. O-O {[%emt 0:00:26] D13: Slav Defence: Exchange variation without ...Bf5.} Be7 10. Rc1 O-O 11. Nh4 Be4 12. f3 Bg6 {[%emt 0:01:01] [#]} 13. g4 $146 ({Predecessor:} 13. Nxg6 hxg6 14. Bg3 Rc8 15. Na4 b5 16. Nc5 Qb6 17. a3 Na5 18. b4 Nc4 19. Rc3 a5 20. Bf2 Ra8 {½-½ Belunek,V (2252)-Sikora,J (2188) CZE-ch Ostrava 2014 (7)}) 13... Rc8 14. Na4 Nd7 15. Nxg6 hxg6 16. Nc3 f5 (16... g5 $5 17. Bg3 $8 Nb6 $11) 17. gxf5 gxf5 {[%emt 0:00:01] ...Bg5 is the strong threat.} 18. Kh1 Kh8 19. Rg1 g5 20. Bg3 Rf7 (20... Bf6 $11) 21. e4 $1 $14 Nf6 22. exf5 exf5 {[%emt 0:00:01] [#]} 23. Be5 (23. Bd3 $1 $16 ) 23... Bd6 24. f4 gxf4 25. Bxf6+ {[%emt 0:00:05][%mdl 64] Remove Defender} (25. Nxd5 $2 Bxe5 26. Nxf6 Bxf6 $19) (25. Bd3 $5 Bxe5 26. dxe5 Nxe5 27. Bxf5 $14) 25... Qxf6 26. Nxd5 Qh4 27. Bf3 Rh7 28. Qd2 (28. Rc2 $14 {is more appropriate.}) 28... Re8 29. Rg6 Qh3 30. Qf2 {[%emt 0:00:12] Dancing on a razor blade.} (30. Nxf4 Qxf3+ 31. Kg1 Bxf4 32. Rf1 Be3+ 33. Rf2 Nxd4 34. Kf1 Qh3+ 35. Rfg2 Bxd2 36. R6g3 Re1+ 37. Kf2 Qh4 38. Rg1 Re2+ 39. Kf1 Qf4+) 30... Rh6 $2 (30... Qg3 $1 $11 {and Black is okay.} 31. Rxg3 fxg3) 31. Rcg1 $18 {[%emt 0:00:36] And now Nf6 would win.} Ne7 32. Rxh6+ $40 {[%emt 0:00:35][%mdl 128] White is out for blood.} Qxh6 33. Re1 {[%emt 0:00:00] White is more active.} Kg7 34. Qg2+ Kf8 (34... Kh8 $16) 35. Qe2 Qg6 (35... Kg7 $142 36. Qc2 Qh3) 36. Bh5 {[%emt 0:00:05][%mdl 64] Skewer} f3 $2 (36... Qh6 {is a better defense.} 37. Nc7 Bxc7) 37. Qxf3 Qh6 38. Ne3 $2 (38. Nxe7 Rxe7 39. Qxf5+ Kg8 40. Rg1+ Rg7 41. Bf7+ Kf8 42. Bd5+ Ke7 43. Rxg7+ {[%mdl 64] Deflection} (43. Bxb7 $2 Qxh2#) 43... Qxg7 44. Qe6+ {[%mdl 64] Deflection} (44. Bxb7 Qxd4 45. Qe4+ Qxe4+ 46. Bxe4 a5 $16) 44... Kf8 45. Qxd6+ Ke8 46. Qb8+ Ke7 47. Qc7+ Kf6 48. Qxg7+ Kxg7 49. Bxb7) 38... Rd8 {[%emt 0:00:04] Black is weak on the light squares} 39. Nxf5 Nxf5 (39... Qf6 {was called for.} 40. Bg4 Nxf5 41. Bxf5 (41. Qxf5 Qxf5 42. Bxf5 Bc7 $16) 41... Qh4 42. Bh3+ Kg7 43. Rg1+ Kh8) 40. Qxf5+ Kg8 41. Rg1+ Kh8 {[%emt 0:00:00] [#]} 42. Qg6 {[%emt 0:00:01] Repels Rg8} ({Weaker is} 42. Qf7 Rf8 43. Qg6 (43. Qxb7 Bxh2 44. Rg6 Rf1+ 45. Kg2 Rg1+ 46. Kxh2 Rxg6 $11) 43... Qxg6 44. Rxg6 Bb8 $16) (42. Rg6 $1 $18 Qf4 43. Qh3) 42... Qxg6 $14 43. Rxg6 {[%emt 0:00:00][%mdl 4096] Endgame KRB-KRB} Bf4 44. Rb6 Rxd4 45. Rxb7 Rd2 46. h4 Be5 47. Bg6 Rxb2 48. Rh7+ (48. Rxb2 {simplifies} Bxb2 49. Kg2 Kg7 50. Bd3) 48... Kg8 {[%emt 0:00:01] The position is equal.} 49. h5 Bg7 50. h6 Bxh6 {[%emt 0:00:02][%mdl 64] Deflection} 51. Rxh6 $11 {[%emt 0:00:03] Rh2 would be deadly. KRB-KR} Kg7 $1 52. Rh2 Rxh2+ 53. Kxh2 {[%emt 0:00:00] White wants to mate with Bd3.} Kxg6 {[%emt 0:00:01] KP-KP} 54. Kg3 Kf5 55. Kf3 Ke5 56. Ke3 Kd5 57. Kd3 Kc5 58. Kc3 a5 59. a4 Kd5 60. Kd3 Kc5 61. Kc3 Kd5 62. Kd3 Kc5 63. Kc3 {[%emt 0:00:00] White really could win this. An interesting game.   Weighted Error Value: White=0.32/Black=0.27 (precise)} 1/2-1/2